 Dungeon Crawl Stone Soup version 0.28.0-45-g0d030f2227 (webtiles) character file.

Game seed: 1125416643218568782

95 MisterFreud the Changer (level 4, 0/35 HPs)
             Began as a Draconian Transmuter on Apr 23, 2022.
             Slain by an adder (2 damage)
             ... on level 3 of the Dungeon on Apr 24, 2022.
             The game lasted 00:04:39 (3156 turns).

MisterFreud the Changer (Draconian Transmuter)      Turns: 3156, Time: 00:04:40

Health: 0/35       AC:  5    Str: 10    XL:     4   Next: 40%
Magic:  6/6        EV: 12    Int: 22    God:
Gold:   121        SH:  0    Dex:  9    Spells: 1/7 levels left

rFire   . . .      SeeInvis +     - Unarmed
rCold   . . .      Faith    .   (no shield)
rNeg    . . .      Spirit   .   (armour unavailable)
rPois   .          Reflect  .   (helmet restricted)
rElec   .          Harm     .   (no cloak)
rCorr   .          Rampage  .   (no gloves)
Will    .....                   (no boots)
Stlth   +.........              d - amulet of the acrobat
HPRegen 0.11/turn               b - ring of see invisible
MPRegen 0.10/turn               j - +6 ring of intelligence

@: lethally poisoned (0 -> -4)
A: AC +5, unfitting armour, cold-blooded, clumsy 1, low MP 1, weak 1
a: no special abilities


You were on level 3 of the Dungeon.
You visited 1 branch of the dungeon, and saw 4 of its levels.

You collected 121 gold pieces.

Inventory:

Missiles
 e - 5 curare-tipped darts
Jewellery
 b - a ring of see invisible (left hand)
 d - an amulet of the acrobat (around neck)
 j - a +6 ring of intelligence (right hand)
Scrolls
 h - a scroll of teleportation {unknown}
 i - a scroll of identify {unknown}
 k - a scroll of amnesia {unknown}
Potions
 c - a potion of magic {unknown}
 f - a potion of cancellation {unknown}
 g - a potion of might {unknown}


   Skills:
 - Level 1.1 Fighting
 - Level 1.7 Dodging
 - Level 3.0 Unarmed Combat
 - Level 2.0 Spellcasting
 + Level 4.7 Transmutations


You had one spell level left.
You knew the following spells:

 Your Spells              Type           Power      Damage    Failure   Level
a - Beastly Appendage     Tmut           46%        N/A       1%          1
b - Wereblood             Tmut           23%        N/A       3%          2
c - Spider Form           Tmut/Pois      12%        N/A       16%         3

Your spell library contained the following spells:

 Spells                   Type           Power      Damage    Failure   Level
 Summon Small Mammal      Summ           8%         N/A       14%         1
 Scorch                   Fire           4%         2d5       21%         2
 Call Canine Familiar     Summ           2%         N/A       38%         3
 Summon Guardian Golem    Hex/Summ       2%         N/A       38%         3
 Ice Form                 Ice/Tmut       12%        N/A       45%         4
 Flame Wave               Conj/Fire      2%         2d4       80%         4
 Summon Cactus Giant      Summ           1%         N/A       100%        6


Dungeon Overview and Level Annotations

Branches:
Dungeon (4/15)
 Temple: D:4-7

Altars:

Annotations:
D:1 Crazy Yiuf


Innate Abilities, Weirdness & Mutations

Your plain brown scales are hard. (AC +5)
You cannot fit into any form of body armour.
You are cold-blooded and may be slowed by cold attacks.
You are clumsy. (Dex -2)
Your magical capacity is low. (-10% MP)
You are weak. (Str -2)


Message History

You feel sick. The adder bites you.
You closely miss the adder.
Your tail-slap misses the adder.
You feel sick. The adder bites you but does no damage.
You miss the adder.
Your tail-slap misses the adder.
You feel sick. The adder bites you.
You are more poisoned.
The adder poisons you!
You hit the adder but do no damage.
You feel sick.
The adder bites you but does no damage. x2
You closely miss the adder.
You feel sick. The adder misses you.
You miss the adder.
Your tail-slap misses the adder.
You feel sick. The adder barely misses you.
You hit the adder but do no damage.
You feel sick. The adder closely misses you.
You barely miss the adder. Your punch misses the adder.
You feel sick. The adder closely misses you. The adder barely misses you.
You barely miss the adder.
Your tail-slap misses the adder.
You feel sick.
You are no longer poisoned.
The adder bites you but does no damage.
You barely miss the adder. The adder bites you.
You are poisoned.
The adder poisons you!
You closely miss the adder.
You feel sick. The adder closely misses you.
You miss the adder.
You feel sick. The adder barely misses you.
The adder bites you but does no damage.
You hit the adder.
The adder is heavily wounded.
You feel sick. The adder bites you.
* * * LOW HITPOINT WARNING * * *
You closely miss the adder.
The adder is heavily wounded.
You feel sick. The adder bites you.
* * * LOW HITPOINT WARNING * * *
You are lethally poisoned!
The adder poisons you!
It was a potion of mutation.
You feel extremely strange.
You feel less energetic.
You feel weaker.
You feel clumsy.
* * * LOW HITPOINT WARNING * * *
You feel sick. The adder misses you. The adder bites you.
You die...

#...≈≈#####
#....≈≈≈..#
#....≈≈≈.g+
#.....≈≈..#
######.....≈≈..#
##..........≈≈h.g
#..######.##≈≈≈..
#..# #S# ≈≈≈
###..# #@# ≈
##.##....# #.#
......#..# #.#
.......<.## #.#
.....###..#
###.### ...# ##.#
#.....# ..
#.###.....#
#...#.†...#
###.#.....#


You could see an adder.

Vanquished Creatures
  4 adders
  A worm (D:3)
  3 dart slugs
  4 endoplasms
  3 giant cockroaches
  3 goblins
  8 hobgoblins
  7 kobolds
  A quokka (D:2)
  5 ball pythons
  4 bats
  3 frilled lizards
  5 rats
51 creatures vanquished.

Notes
Turn   | Place    | Note
-------+----------+-------------------------------------------
     0 | D:1      | MisterFreud the Draconian Transmuter began the quest for
                  | the Orb.
     0 | D:1      | Reached XP level 1. HP: 16/16 MP: 3/3
   570 | D:1      | Reached XP level 2. HP: 22/23 MP: 3/5
   604 | D:1      | Reached skill level 3 in Transmutations
  1106 | D:2      | Reached XP level 3. HP: 28/28 MP: 4/6
  1145 | D:2      | Learned a level 2 spell: Wereblood
  1149 | D:2      | Learned a level 3 spell: Spider Form
  1206 | D:2      | Found a runed translucent door.
  1207 | D:2      | Noticed Crazy Yiuf
  1626 | D:2      | Identified the +1 scale mail "Xuuqubb" {rC++ rN++ Int-5}
  1684 | D:2      | Reached skill level 4 in Transmutations
  1974 | D:2      | Found a faded altar of an unknown god.
  2140 | D:2      | Reached XP level 4. HP: 35/35 MP: 5/7
  3156 | D:3      | Gained mutation: Your magical capacity is low. (-10% MP)
                  | [potion of mutation]
  3156 | D:3      | Gained mutation: You are weak. (Str -2) [potion of
                  | mutation]
  3156 | D:3      | Gained mutation: You are clumsy. (Dex -2) [potion of
                  | mutation]
  3156 | D:3      | Slain by an adder

Illustrated notes

Levels and vault maps discovered:
D:1:      dpeg_arrival_simpleton_c, layout_loops_cross
D:2:      minmay_wonky_spiral, layout_loops_ring, basic_ecumenical_altar,
          uniq_crazy_yiuf_cottage
D:3:      kennysheep_goblin_castle, layout_rooms
D:4:      layout_cave_pools, mainiacjoe_overflow_24_doors, serial_shops,
          nicolae_inconvenience_store, chequers_serial_rivers_large_a,
          minmay_misc_feat_diagonals, uniq_eustachio

Skill      XL: |  1  2  3 |
---------------+----------+-----
Transmutations | 3 4 |  4.7
Fighting       | |  1.1
Dodging        | |  1.7
Unarmed Combat | |  3.0
Spellcasting   | |  2.0

Action                   |  1- 3 |  4- 6 || total
-------------------------+-------+-------++-------
Melee: Unarmed           |   106 |    58 ||   164
       Kick              |    21 |     4 ||    25
       Headbutt          |    12 |     2 ||    14
       Tailslap          |     7 |     7 ||    14
       Punch             |     2 |     1 ||     3
 Cast: Beastly Appendage |    23 |     3 ||    26
       Spider Form       |       |     1 ||     1
  Use: Potion            |       |     1 ||     1
Armor: Skin              |    34 |    21 ||    55
Dodge: Dodged            |    82 |    55 ||   137
